[Event "13th All African Rapid-ch Men 2024"]
[Site "Accra"]
[Date "2024.03.10"]
[Round "3.3"]
[White "Rakotomaharo, Fy Antenaina"]
[Black "Rongwane, Gomolemo"]
[Result "1-0"]
[ECO "D32"]
[WhiteElo "2454"]
[BlackElo "2021"]
[Annotator "TA"]
[PlyCount "137"]
[EventDate "2024.03.07"]
[EventType "rapid"]
[EventCountry "GHA"]
[SourceTitle "playchess.com"]
[Source "ChessBase"]
[SourceQuality "1"]
[TimeControl "900+10"]

1. Nf3 Nf6 2. c4 e6 3. Nc3 d5 4. e3 Be7 5. b3 O-O 6. Bb2 c5 7. cxd5 exd5 8. d4 Nc6 9. Be2 Bf5 10. O-O Rc8 11. Rc1 cxd4 12. Nxd4 Nxd4 {[%emt 0:00:53] Weiß hat minimalen Vorteil.} 13. Qxd4 Bc5 14. Qf4 Be6 15. Rfd1 Bd6 16. Qd4 Bc5 17. Qh4 Be7 18. Qa4 Qb6 19. Bf3 Rcd8 20. Qb5 Qxb5 21. Nxb5 a6 22. Nc7 {[%emt 0:00:07] Weiß steht aktiver.} Rd7 23. Bxf6 Bxf6 24. Bxd5 Bg4 {[%emt 0:03:30] [#]} 25. Bf3 Rxd1+ 26. Rxd1 Bxf3 27. gxf3 $16 {[%emt 0:00:02][%mdl 4096] Endspiel. KRB-KRN} Rc8 28. Nd5 Bd8 29. Rd2 Kf8 30. f4 Ke8 31. Kg2 Ba5 32. b4 Bd8 33. Kf3 Rc4 34. Ke2 f5 35. Kd3 Rc6 36. f3 Kf7 37. e4 a5 (37... Rc1 $16) 38. a3 ({Nicht} 38. exf5 axb4 39. Rb2 (39. Nxb4 Rd6+ 40. Ke2 Rxd2+ 41. Kxd2 Kf6 $11) 39... Be7 $14) (38. bxa5 $18 {Und Rb2 würde nun gewinnen.} Kg6 39. Ke2) 38... axb4 39. axb4 (39. exf5 $2 {ist das falsche Schlagen.} bxa3 40. Ra2 Ra6 $19) 39... Ra6 40. exf5 Rd6 {[%emt 0:00:41] [#]} (40... h5 $16 41. Rd1 g6) 41. Ke4 $1 $18 Bb6 (41... Ra6 $16 {ist wohl besser.} 42. Rc2 Rc6) 42. Rc2 Bd8 43. Rc8 Rd7 44. Rb8 Bf6 45. Nb6 $2 (45. Rh8 $18 {ist viel giftiger.}) 45... Rd4+ $16 46. Ke3 Rxb4 47. Rxb7+ Ke8 {[%emt 0:00:02] Droht stark ...Bd4+.} 48. Rb8+ Kf7 {[%emt 0:00:04] Droht ...Bd4+ und aus.} 49. Nd7 Bd4+ 50. Ke4 Rxb8 51. Nxb8 {[%emt 0:00:01] KB-KN} Bg1 52. h3 Bc5 53. Nd7 Be7 54. Ne5+ Ke8 $2 {[%emt 0:00:02][%mdl 8192] Verliert die Partie.} (54... Kf6 $16) 55. Kd5 {[%emt 0:00:06] Weiß setzt Matt.} Bh4 56. Ke6 Bg3 57. Nd3 Kf8 58. f6 gxf6 59. Kxf6 Bh4+ 60. Ke6 Bg3 61. f5 Bc7 62. f6 Ba5 63. Ne5 Bb4 64. h4 h5 65. Nd7+ Kg8 66. f7+ Kg7 67. f8=Q+ Bxf8 68. Nxf8 Kxf8 69. Kf6 {[%emt 0:00:01] Gewichteter Fehlerwert: Weiß=0.10 (sehr präzise) /Schwarz=0.22 (präzise) .  Verlustzug:     	---       	Schwarz=1     Fehler:       	Weiß=2     	Schwarz=3     Ungenau:       	---       	Schwarz=3     OK:         	Weiß=17    	Schwarz=21    Bester:       	Weiß=5     	Schwarz=4} 1-0

[Event "13th All African Rapid-ch Men 2024"]
[Site "Accra"]
[Date "2024.03.10"]
[Round "3.4"]
[White "Mwali, Chitumbo"]
[Black "Levitan, Caleb Levi"]
[Result "1-0"]
[ECO "A14"]
[WhiteElo "2340"]
[BlackElo "2235"]
[Annotator "TA"]
[PlyCount "125"]
[EventDate "2024.03.07"]
[EventType "rapid"]
[EventCountry "GHA"]
[SourceTitle "playchess.com"]
[Source "ChessBase"]
[SourceQuality "1"]
[TimeControl "900+10"]

1. c4 e6 2. g3 d5 3. Bg2 Nf6 4. Nf3 dxc4 5. O-O Be7 6. Na3 Bxa3 7. bxa3 O-O 8. Qc2 {[%emt 0:00:53] Weiß steht etwas besser.} a6 9. Bb2 Nbd7 {[%emt 0:00:41] Wehrt Ne5 ab} 10. Qxc4 b5 11. Qc6 Rb8 12. Rac1 $36 {[%emt 0:00:05][%mdl 2048] Weiss drückt.} Nd5 13. Ne5 N7b6 14. d3 {[%emt 0:03:57] Weiß steht deutlich aktiver.} Bb7 15. Qc2 Rc8 16. Nc6 Qd7 17. Ba1 f6 {[%emt 0:02:54] [#]} (17... Na4 $11) 18. Bd4 (18. Bh3 $1 $16) 18... Rfe8 19. e4 (19. Na5 $14 {ist überlegen.} Ba8 20. Nb3) 19... Ne7 (19... Bxc6 $5 20. Qxc6 Nf4 21. Bxb6 Qxc6 22. Rxc6 cxb6 23. Rxb6 Ne2+ 24. Kh1 Nd4 $14) 20. Nxe7+ Qxe7 21. Bc5 Qd7 22. d4 Nc4 23. Rfd1 Red8 24. a4 c6 (24... f5 $14) 25. Bf1 $18 Nd6 26. Bb6 Re8 27. Bh3 Qf7 28. Bc5 Rcd8 29. Bb6 Rc8 30. Bc5 Rcd8 31. Bg2 Nc4 32. Bf1 Nd6 33. Bb6 Rc8 34. Bd3 e5 (34... f5 $142) 35. dxe5 $16 fxe5 36. Bf1 Qe6 37. Bc5 (37. f3 $142 {Droht Qb3 und aus.} Kh8 38. Qc5) 37... Nf7 38. h4 Rcd8 39. Bb6 Rxd1 40. Rxd1 Re7 (40... h6 $142 41. Be2 Re7) 41. Qb3 Qxb3 42. axb3 Bc8 43. axb5 axb5 44. Ra1 Re8 45. Ra7 Be6 46. b4 Nd6 47. Bc7 ({Günstiger ist} 47. Bg2 $16) 47... Nxe4 $14 48. Bxe5 Bf7 49. Bd4 Nd6 {[%emt 0:00:18] [#]} (49... Rd8 $14) 50. Bg2 $1 $16 Rc8 51. Bh3 (51. g4 $18) 51... Rd8 52. Bb6 Re8 53. Bd7 ({Vorzuziehen ist} 53. Bc5 $14 Re1+ 54. Kh2) 53... Re1+ $11 54. Kg2 Bd5+ 55. f3 {[%emt 0:00:02] Zielt auf Kf2 ab.} Re2+ (55... g6 $11) 56. Kf1 $1 $14 Rb2 {[%emt 0:00:26][%mdl 8192] Verliert die Partie.} (56... Bc4 $16) 57. Bc5 $18 Nc4 $2 (57... Bc4+ $18 58. Ke1 Re2+ 59. Kd1 Re5) 58. Ra8+ {[%emt 0:00:15] Weiß setzt Matt.} Kf7 59. Rf8+ Kg6 60. Be8+ {[%emt 0:00:11] Das Läuferpaar ist gut.} Kh6 {[%emt 0:00:01] [#]} 61. Rf6+ $3 g6 62. Bf8+ Kh5 63. Rf5# {[%emt 0:00:01] Gewichteter Fehlerwert: Weiß=0.18 (sehr präzise) /Schwarz=0.35.  Verlustzug:     	---       	Schwarz=1     Fehler:       	Weiß=6     	Schwarz=7     Ungenau:       	Weiß=3     	Schwarz=3     OK:         	Weiß=17    	Schwarz=16    Bester:       	Weiß=3     	Schwarz=5     Stark:        	Weiß=2     	---} 1-0

[Event "13th All African Rapid-ch Men 2024"]
[Site "Accra"]
[Date "2024.03.10"]
[Round "3.5"]
[White "Zhemba, Jemusse"]
[Black "Cogan, Nicolas"]
[Result "1-0"]
[ECO "B04"]
[WhiteElo "2226"]
[BlackElo "2070"]
[Annotator "TA"]
[PlyCount "93"]
[EventDate "2024.03.07"]
[EventType "rapid"]
[EventCountry "GHA"]
[SourceTitle "playchess.com"]
[Source "ChessBase"]
[SourceQuality "1"]
[TimeControl "900+10"]

1. e4 Nf6 2. e5 Nd5 3. d4 d6 4. Nf3 g6 5. h3 Bg7 6. Be2 (6. c4 $142 Nb6 7. exd6) 6... O-O (6... dxe5 $11 7. dxe5 Nc6) 7. Bg5 (7. c4 $14 Nb6 8. exd6) 7... h6 8. Bd2 {[%emt 0:00:03] Black has an edge.} Nc6 9. exd6 cxd6 10. c4 Nb6 11. Nc3 Kh7 (11... e5 $11 12. d5 Nd4) 12. d5 $14 Ne5 13. b3 e6 14. O-O exd5 15. cxd5 Nxf3+ 16. Bxf3 Bf5 17. Rc1 Rc8 18. a4 Nd7 19. Nb5 Rxc1 20. Bxc1 {[%emt 0:00:02][%cal Og2g4] And now g4! would win.} Ne5 21. Ba3 Nxf3+ 22. Qxf3 Be5 23. Qe3 (23. Nxa7 $14 Bd7 24. Re1) 23... Re8 $11 {[%emt 0:01:42] aiming for ...a6.} 24. f4 (24. Nxa7 $2 {perishes.} Bb2 (24... Bh2+ $2 25. Kxh2 Rxe3 26. fxe3 $19) 25. Bxb2 Rxe3 26. fxe3 Qb6 $19) 24... Bb2 {[%emt 0:01:05] This pair of bishops is nice.} 25. Qxa7 Bxa3 26. Nxa3 Re2 27. Rf2 ({Much weaker is} 27. Qxb7 Qf6 28. Rf2 Qa1+ $19) 27... Rxf2 (27... Re1+ $11 28. Kh2 Qh4) 28. Qxf2 {[%emt 0:00:08][%mdl 4096] Endgame. KQB-KQN} Qa5 29. Nb5 ({Better is} 29. Qd4 $1 $16) 29... Qb4 {[%emt 0:00:16] [#]} (29... Bd7 $11) 30. Qe3 (30. Qd4 $1 $16 Qxd4+ 31. Nxd4) 30... Kg8 {[%emt 0:00:15] [#]} (30... Bd7 $1 $14) 31. Qd4 $1 $36 {[%emt 0:01:45][%mdl 2048] White is really pushing.} Qxb3 {[%emt 0:00:10][%mdl 8192] Black cannot hold the game after this.} (31... Qxd4+ $16 {is tougher.} 32. Nxd4 Be4) 32. Nxd6 $18 Bd7 33. a5 Bxh3 34. gxh3 {[%emt 0:01:57] Hoping for Nc4.} Qg3+ 35. Kf1 Qxh3+ 36. Ke2 Qg2+ 37. Ke1 {[%emt 0:00:17][%cal Od6c4] Black must now prevent Nc4!} Qh1+ 38. Kd2 Qg2+ 39. Kc3 {[%emt 0:00:08][%cal Od6c4] Threatens to win with Nc4!} Qa2 40. Nc4 Qa1+ 41. Kd3 Qb1+ 42. Kd2 {[%emt 0:00:06] Threatening mate with d6.} h5 43. d6 {[%emt 0:00:15][%cal Bd5d6,Bd6d7][%mdl 32] White mates.} Qa2+ 44. Kc1 Qe2 45. d7 Qe1+ 46. Kc2 Qe2+ 47. Nd2 {[%emt 0:00:06] Weighted Error Value: White=0.21 (precise) /Black=0.55.  Loses game:     	---       	Black=1      Mistake:       	White=4     	Black=5      Inaccurate:     	White=1     	Black=3      OK:         	White=3     	Black=9      Best:        	White=2     	---        Strong:       	White=1     	---} 1-0

[Event "13th All African Rapid-ch Men 2024"]
[Site "Accra"]
[Date "2024.03.10"]
[Round "3.6"]
[White "Wanyama, Harold"]
[Black "Akpa Prince"]
[Result "1-0"]
[ECO "E85"]
[WhiteElo "2226"]
[BlackElo "1845"]
[Annotator "TA"]
[PlyCount "83"]
[EventDate "2024.03.07"]
[EventType "rapid"]
[EventCountry "GHA"]
[SourceTitle "playchess.com"]
[Source "ChessBase"]
[SourceQuality "1"]
[TimeControl "900+10"]

1. d4 Nf6 2. c4 g6 3. Nc3 d6 4. e4 Bg7 5. f3 O-O 6. Be3 e5 7. Nge2 Nc6 8. d5 Ne7 9. c5 ({White should try} 9. h4 $14) 9... Ne8 10. Rc1 f5 11. Qc2 f4 (11... Nf6 $15) 12. Bf2 $11 g5 13. b4 a5 14. b5 dxc5 15. Bxc5 b6 16. Bf2 Rf7 17. Na4 Nd6 $2 {[%emt 0:00:49][%mdl 8192] Black cannot hold the game after this.} (17... g4 $15 {keeps the upper hand.}) 18. Qxc7 $18 Qxc7 19. Rxc7 Nxb5 20. Rc1 {[%emt 0:00:02][%cal Oe2f4] Black must now prevent Nxf4!} Rb8 {[%emt 0:03:13] [#]} 21. Nxf4 $1 Nd4 {[%emt 0:00:43] Repels Ne6} 22. Nh5 {[%emt 0:00:56] Nxg7 would now be deadly.} Bd7 23. Nb2 {[%emt 0:00:20] And now Nxg7 would win.} Bf8 24. Bxd4 exd4 25. d6 b5 $2 (25... Ng6 {keeps fighting.}) 26. dxe7 Bxe7 27. Nd3 Be6 28. Ne5 Bxa2 29. Nxf7 Kxf7 (29... Bxf7 $142 30. Ng3 a4) 30. Rc7 {[%emt 0:00:37] White is clearly winning.} b4 31. Bd3 Ke8 32. Ke2 Bf7 33. Ng7+ Kf8 34. Nf5 Bd8 35. Rd7 a4 36. Nxd4 {[%emt 0:00:20] [#] Nc6 is the strong threat.} Ke8 37. Nc6 Kxd7 38. Nxb8+ Kc8 39. Nc6 b3 40. Nxd8 Kxd8 41. Ra1 Be8 42. Kd2 {[%emt 0:00:08] Weighted Error Value: White=0.16 (very precise) /Black=0.48.  Loses game:     	---       	Black=1      Mistake:       	---       	Black=3      Inaccurate:     	White=3     	Black=2      OK:         	White=13    	Black=8      Best:        	White=1     	Black=2} 1-0

[Event "13th All African Rapid-ch Men 2024"]
[Site "Accra"]
[Date "2024.03.10"]
[Round "3.7"]
[White "Pereira, Sergio Murilo de Ara"]
[Black "Pedro Manuel Envo Engonga Avom"]
[Result "0-1"]
[ECO "C68"]
[WhiteElo "2115"]
[BlackElo "1702"]
[Annotator "RC"]
[PlyCount "32"]
[EventDate "2024.03.07"]
[EventType "rapid"]
[EventCountry "GHA"]
[SourceTitle "playchess.com"]
[Source "ChessBase"]
[SourceQuality "1"]
[TimeControl "900+10"]

1. e4 e5 2. Nf3 Nc6 3. Bb5 a6 4. Bxc6 dxc6 5. O-O Bg4 6. h3 h5 7. d3 Bc5 8. hxg4 hxg4 9. Ng5 Nh6 10. c3 Be7 11. Nxf7 Kxf7 12. Bxh6 Rxh6 13. Qxg4 Qxd3 14. Rd1 Rah8 15. Qf3+ Qxf3 16. gxf3 Rh1+ 0-1

[Event "13th All African Rapid-ch Men 2024"]
[Site "Accra"]
[Date "2024.03.10"]
[Round "3.8"]
[White "Frempong-Smart Daniel"]
[Black "Asabri, Hussien"]
[Result "0-1"]
[ECO "E63"]
[WhiteElo "1877"]
[BlackElo "2196"]
[Annotator "RC"]
[PlyCount "70"]
[EventDate "2024.03.07"]
[EventType "rapid"]
[EventCountry "GHA"]
[SourceTitle "playchess.com"]
[Source "ChessBase"]
[SourceQuality "1"]
[TimeControl "900+10"]

1. d4 Nf6 2. Nf3 g6 3. g3 Bg7 4. Bg2 O-O 5. O-O d6 6. c4 Nc6 7. Nc3 a6 8. h3 Rb8 9. e4 b5 10. cxb5 axb5 11. Qc2 b4 12. Ne2 Ba6 13. Re1 Qd7 14. Be3 b3 15. axb3 Nb4 16. Qd1 Bd3 17. e5 Nfd5 18. Nf4 Bc2 19. Qd2 Bxb3 20. Nxd5 Bxd5 21. Rec1 Rfd8 22. Ra7 Nc6 23. Ra6 Nb4 24. Ra7 Nc6 25. Ra6 Rb6 26. Rxb6 cxb6 27. exd6 Qxd6 28. Rd1 Bf6 29. Qc3 e6 30. Kf1 Qb4 31. Ne5 Qb5+ 32. Kg1 Bxg2 33. Ng4 Bg7 34. Kxg2 Qd5+ 35. f3 e5 0-1

[Event "13th All African Rapid-ch Men 2024"]
[Site "Accra"]
[Date "2024.03.10"]
[Round "3.9"]
[White "Silva, David"]
[Black "Fomevor, Cephas Clinton"]
[Result "1-0"]
[ECO "B11"]
[WhiteElo "2358"]
[BlackElo "1887"]
[Annotator "TA"]
[PlyCount "67"]
[EventDate "2024.03.07"]
[EventType "rapid"]
[EventCountry "GHA"]
[SourceTitle "playchess.com"]
[Source "ChessBase"]
[SourceQuality "1"]
[TimeControl "900+10"]

1. e4 c6 2. Nc3 d5 3. Nf3 dxe4 4. Nxe4 Nd7 5. Bc4 Ngf6 6. Qe2 Nxe4 7. Qxe4 Nf6 {[%emt 0:00:02] [#]} 8. Ne5 $1 {[%emt 0:00:03][%csl Ge5][%cal Rc4f7] White is slightly better.} e6 9. Qe2 $40 {[%emt 0:00:01][%mdl 128] White is up to no good.} Bd6 10. d4 Qc7 11. O-O h6 12. Re1 O-O 13. Bd3 {[%emt 0:00:36] White is more active.} c5 14. dxc5 Qxc5 15. Nc4 Be7 16. Qf3 Qd5 (16... Rd8 $11 {remains equal.}) 17. Qg3 $16 Kh8 {[%emt 0:00:38] [#]} (17... b5 $16 {is a better defense.} 18. Re5 Qd4 19. Rxb5 Ba6) 18. a4 ({White should play} 18. Ne5 $1 $18) 18... Bd7 19. Ne5 Bd6 20. Bf4 {[%emt 0:08:41][%cal Oe5f7] Hoping for Nxf7+!} Bxe5 (20... Nh5 $14 21. Nxf7+ Rxf7) 21. Bxe5 $18 {[%emt 0:00:07][%cal Od3e4] Strongly threatening Be4!} Bc6 {[%emt 0:01:01] Black is weak on the dark squares} (21... Nh5 {keeps fighting.} 22. Qh3 f6) 22. b4 ({Better is} 22. Rad1 $18) 22... a6 $2 {[%emt 0:00:11][%mdl 8192] Loses the game.} (22... Nh5 $16 23. c4 Qd7) 23. c4 {[%emt 0:00:07] White is clearly winning.} Qd8 24. b5 Bd7 25. Rad1 Nh5 26. Qh3 Nf6 27. Bb1 {[%emt 0:00:02] This pair of bishops is nice.} Qe7 28. Bxf6 Qxf6 29. Rxd7 axb5 30. axb5 Ra1 31. Qd3 g6 32. g3 Kg7 33. Rxb7 Rd8 34. Rd7 {[%emt 0:00:03] Weighted Error Value: White=0.37/Black=0.54.  Loses game:     	---       	Black=1      Mistake:       	White=2     	Black=4      Inaccurate:     	White=2     	Black=3      OK:         	White=8     	Black=7      Best:        	White=1     	---} 1-0

[Event "13th All African Rapid-ch Men 2024"]
[Site "Accra"]
[Date "2024.03.10"]
[Round "3.10"]
[White "Oluka Robert Mcligeyo"]
[Black "Yacouba, Souley Moussa"]
[Result "1-0"]
[ECO "C41"]
[WhiteElo "2041"]
[BlackElo "1645"]
[Annotator "RC"]
[PlyCount "37"]
[EventDate "2024.03.07"]
[EventType "rapid"]
[EventCountry "GHA"]
[SourceTitle "playchess.com"]
[Source "ChessBase"]
[SourceQuality "1"]
[TimeControl "900+10"]

1. e4 e5 2. Nf3 d6 3. d4 Bg4 4. dxe5 Bxf3 5. Qxf3 dxe5 6. Bc4 Nf6 7. Nc3 Bb4 8. Bd2 Nc6 9. O-O-O Bd6 10. Bg5 O-O 11. Nd5 Nd4 12. Rxd4 exd4 13. Nxf6+ gxf6 14. Bxf6 Qd7 15. e5 Bxe5 16. Bxe5 Rfe8 17. Qg3+ Kf8 18. Bf6 Re6 19. Qg7+ 1-0

[Event "13th All African Rapid-ch Men 2024"]
[Site "Accra"]
[Date "2024.03.10"]
[Round "3.11"]
[White "Ntamatungiro, Wilfried"]
[Black "Mahamat Hachim Bachar"]
[Result "0-1"]
[ECO "C41"]
[WhiteElo "1905"]
[BlackElo "1843"]
[Annotator "RC"]
[PlyCount "94"]
[EventDate "2024.03.07"]
[EventType "rapid"]
[EventCountry "GHA"]
[SourceTitle "playchess.com"]
[Source "ChessBase"]
[SourceQuality "1"]
[TimeControl "900+10"]

1. e4 e5 2. Nf3 d6 3. d4 exd4 4. Bc4 c5 5. c3 dxc3 6. Nxc3 Nf6 7. Ng5 Be6 8. Bxe6 fxe6 9. Nxe6 Qd7 10. Ng5 h6 11. Nf3 Nc6 12. O-O O-O-O 13. Bf4 g5 14. Bg3 Nh5 15. Nd5 Bg7 16. Rb1 g4 17. Nh4 Rhe8 18. Re1 Nxg3 19. hxg3 Bd4 20. Nf5 Rxe4 21. Rxe4 Qxf5 22. Rxd4 cxd4 23. Nf4 h5 24. Rc1 Kb8 25. Qb3 Rc8 26. Rd1 h4 27. Ne2 hxg3 28. Qxg3 Qe5 29. Qxg4 d3 30. Nf4 d2 31. Nd3 Qa5 32. Qf4 Qh5 33. Qxd6+ Ka8 34. Rxd2 Rh8 35. f3 Qh1+ 36. Kf2 Rg8 37. Ne1 a6 38. a3 Qh4+ 39. g3 Qh1 40. Ng2 Re8 41. b4 Qc1 42. Qf4 Qxa3 43. b5 axb5 44. Qf7 Rf8 45. Qd5 Nb4 46. f4 Nxd5 47. Rxd5 Qa2+ 0-1

[Event "13th All African Rapid-ch Men 2024"]
[Site "Accra"]
[Date "2024.03.10"]
[Round "4.1"]
[White "Amin, Bassem"]
[Black "Paiva, Donaldo"]
[Result "1/2-1/2"]
[ECO "B13"]
[WhiteElo "2670"]
[BlackElo "2172"]
[Annotator "TA"]
[PlyCount "64"]
[EventDate "2024.03.07"]
[EventType "rapid"]
[EventCountry "GHA"]
[SourceTitle "playchess.com"]
[Source "ChessBase"]
[SourceQuality "1"]
[TimeControl "900+10"]

1. e4 c6 2. d4 d5 3. exd5 cxd5 4. Bd3 Nc6 5. c3 Qc7 6. Ne2 Bg4 7. O-O g6 8. Qb3 Bxe2 9. Bxe2 {[%emt 0:00:00] Weiß steht etwas besser.} e6 10. Na3 a6 {[%emt 0:00:33] [#]} 11. Bf4 $1 Qd7 (11... Qxf4 $6 12. Qxb7 Qb8 13. Qxc6+ Kd8 14. Rfb1 $16 (14. Bxa6 Bxa3 15. Bb5 Ke7 $14)) 12. Rad1 Nf6 13. c4 Bg7 14. c5 O-O 15. Nc2 Rfe8 16. Rfe1 Rad8 17. Bf3 Ne4 18. Bxe4 dxe4 19. Bd6 f5 20. f3 exf3 21. Qxf3 Bf8 22. Bxf8 Kxf8 23. Qc3 Kg8 24. b4 Qd5 (24... Na7 $11 {hält das Gleichgewicht.}) 25. a4 (25. Ne3 $1 $16 Qd7 (25... Qxa2 $2 26. Ra1 $18) 26. Nc4) 25... e5 (25... Qa2 $11 {bleibt in der Remisbreite.}) 26. Ne3 $1 $16 Qe4 {[%emt 0:00:42] [#]} (26... exd4 $2 27. Nxd5 dxc3 28. Nf6+ Kf7 29. Nxe8 Rxd1 30. Rxd1 $18) 27. d5 (27. Qb3+ $1 $16 Kg7 28. Nc2) 27... Qxb4 $11 28. Qxb4 (28. Qc1 $11 Nd4 29. d6) 28... Nxb4 $17 29. d6 e4 {[%emt 0:00:13] Und jetzt ...Nd3 wäre schön.} 30. Re2 {[%emt 0:01:14] [#]} (30. Nd5 $17 Nxd5 31. Rxd5) 30... Nd3 (30... Re5 $1 $19 31. g4 Rxc5 32. gxf5 gxf5) 31. Nd5 $15 Kf7 ({Doch nicht} 31... Nxc5 32. Nf6+ Kf7 33. Nxe8 Rxe8 34. Rc2 Nxa4 35. Rc7+ Ke6 36. Rxb7 $14 (36. Rxh7 Nc3 $11)) 32. Rb1 ({Günstiger ist} 32. Nc7 $1 $15) 32... Rd7 {[%emt 0:00:55] Gewichteter Fehlerwert: Weiß=0.24 (präzise) /Schwarz=0.19 (sehr präzise) .  Fehler:       	Weiß=5     	Schwarz=4     Ungenau:       	---       	Schwarz=2     OK:         	Weiß=7     	Schwarz=9     Bester:       	Weiß=1     	Schwarz=2     Stark:        	Weiß=1     	---} (32... Nxc5 $17 33. Rc2 Nd7 (33... Nxa4 34. Rxb7+ Ke6 35. d7 $11) 34. Rxb7 Re6) 1/2-1/2

[Event "13th All African Rapid-ch Men 2024"]
[Site "Accra"]
[Date "2024.03.10"]
[Round "4.2"]
[White "Arab, Adlane"]
[Black "Rakotomaharo, Fy Antenaina"]
[Result "1-0"]
[ECO "D24"]
[WhiteElo "2477"]
[BlackElo "2454"]
[Annotator "TA"]
[PlyCount "105"]
[EventDate "2024.03.07"]
[EventType "rapid"]
[EventCountry "GHA"]
[SourceTitle "playchess.com"]
[Source "ChessBase"]
[SourceQuality "1"]
[TimeControl "900+10"]

1. d4 d5 2. c4 e6 3. Nc3 Nf6 4. Nf3 dxc4 5. e3 a6 6. a4 b6 {[%emt 0:00:02] D24: Angenommenes Damengambit.} 7. Bxc4 Bb7 8. O-O Bb4 9. Qe2 O-O 10. Rd1 Qe7 11. Bd3 Nbd7 12. e4 e5 13. Bg5 h6 14. Bh4 Rfe8 15. dxe5 $146 ({Predecessor:} 15. Rac1 exd4 16. Nxd4 Bxc3 17. Rxc3 Bxe4 18. Rxc7 Bxd3 19. Qxd3 Nc5 20. Rxe7 Nxd3 21. Bxf6 gxf6 22. Rxe8+ Rxe8 {½-½ Abdyjapar,A (2372)-Mastrovasilis,D (2594) Olympiad-43 Batumi 2018 (2.3)}) 15... Bxc3 16. bxc3 Nxe5 17. Nxe5 Qxe5 18. Bg3 ({Besser ist} 18. f3 $14) 18... Qc5 $11 19. e5 Nd7 20. Re1 Re7 21. Kh1 Nxe5 (21... Qc6 $11 22. f3 Nc5) 22. Bxe5 $16 Rae8 23. f4 $1 (23. Bxa6 $2 Rxe5 $19) 23... f6 24. Qa2+ $1 (24. Bxa6 Bxa6 (24... fxe5 $2 25. Bxb7 exf4 26. Qd2 $18) 25. Qxa6 fxe5 26. fxe5 Qxc3 $15 (26... Rxe5 27. Rxe5 Rxe5 28. Qa8+ Kh7 29. Qf3 $17)) 24... Kh8 25. Bg6 $1 fxe5 26. Bxe8 Rxe8 27. Rxe5 (27. fxe5 $1 $16 Rxe5 28. Qc2) 27... Rxe5 $11 28. fxe5 Qxe5 (28... Qxc3 $11 {bleibt in der Remisbreite.} 29. e6 Bd5) 29. Rf1 $16 Bd5 30. Qc2 Kg8 31. Kg1 Bc4 {[%emt 0:00:33] [#]} 32. Rd1 $1 Qe3+ {[%emt 0:01:59] [#]} (32... Bd5 $16 33. Qf2 Bc6) 33. Qf2 $1 $18 Qg5 (33... Qe8 $16 {war einen Versuch wert.} 34. h3 Bf7) 34. h4 Qg6 (34... Qe7 $142 35. Qd4 Qe2) 35. Rd7 $18 c5 36. Kh2 Kh7 (36... Qe8 $142 37. Rd6 Qb8) 37. Qf4 $18 b5 $2 (37... Qe8 38. Rd6 Bb3 39. Rxb6 Bxa4 40. Qf5+ (40. Rxa6 Bc6 $18) 40... Kh8) 38. a5 Qe8 39. Rc7 Bd3 40. Qg3 Qg6 41. Qxg6+ Kxg6 42. Rxc5 Kf6 43. Kg3 Ke6 44. Rc7 g6 45. Kf4 h5 46. Ke3 Bf1 47. Rc6+ Kd5 48. Rxg6 Kc4 49. Kd2 b4 50. cxb4 Kxb4 51. Rg5 Bb5 52. Rxh5 Kxa5 53. Rxb5+ 1-0

[Event "13th All African Rapid-ch Men 2024"]
[Site "Accra"]
[Date "2024.03.10"]
[Round "4.3"]
[White "Zhemba, Jemusse"]
[Black "KIGIGHA, Bomo Lovet"]
[Result "1-0"]
[ECO "B33"]
[WhiteElo "2226"]
[BlackElo "2231"]
[Annotator "TA"]
[PlyCount "63"]
[EventDate "2024.03.07"]
[EventType "rapid"]
[EventCountry "GHA"]
[SourceTitle "playchess.com"]
[Source "ChessBase"]
[SourceQuality "1"]
[TimeControl "900+10"]

1. e4 c5 2. Nf3 Nc6 3. d4 cxd4 4. Nxd4 Qb6 5. Nb3 Nf6 6. Nc3 e6 7. Be3 Qc7 8. a3 a6 9. Qf3 (9. g4 $14) 9... b5 10. Qg3 Qxg3 {[%emt 0:00:12] The position is equal.} 11. hxg3 Bb7 12. f3 b4 (12... Bd6 $142) 13. Na4 bxa3 14. bxa3 d6 {[%emt 0:00:38] Against Nbc5} 15. g4 Be7 16. Be2 Nd7 17. Kf2 Rc8 18. f4 {[%emt 0:00:00] White has more active pieces.} (18. Rab1 $14) 18... O-O ({Black should try} 18... g5 $15 19. g3 Nf6) 19. g5 (19. Rab1 $11 {remains equal.}) 19... f6 $17 20. gxf6 Nxf6 21. Nd2 Ne5 22. fxe5 (22. Rab1 $17 {might work better.} Ba8 (22... Bxe4 23. fxe5 Nd5+ 24. Bf3 $11) (22... Nxe4+ 23. Ke1 $11) 23. Nb6 Rxc2 (23... Nxe4+ $2 24. Nxe4 Rxc2 25. Nd2 $18) 24. Nxa8 Nfg4+ 25. Bxg4 Nxg4+ 26. Kf3 Nxe3 27. Kxe3 Rxa8 28. Rb7) 22... Ng4+ $19 23. Kg3 Nxe3 24. Bd3 Nxc2 ({Better is} 24... dxe5 $19 {[%cal Of8f6] aiming for ...Rf6!} 25. Rab1 Rc7) 25. Rab1 $15 Ba8 {[%emt 0:00:01] A strong pair of Bishops.} 26. Nc4 Bxe4 $2 27. Bxe4 $18 {[%emt 0:00:00] White is clearly winning.} Rxc4 28. Bxh7+ Kf7 {[%emt 0:00:01] [#] Strongly threatening ...g6.} 29. Rhf1+ Ke8 {[%emt 0:00:03] White must now prevent ...Rxf1.} 30. Rb8+ Kd7 31. Rbxf8 ({But not} 31. Rfxf8 Bxf8 32. Nb6+ (32. Rxf8 Rxa4 33. Rf7+ Ke8 $18) 32... Kc7 33. Rxf8 (33. Nxc4 Kxb8 34. Bxc2 d5 $18) 33... Kxb6 34. exd6 Rd4 35. Bxc2 Rxd6 $18) 31... Bxf8 (31... Rxa4 $142 32. Bxc2 Rxa3+ 33. R8f3 dxe5 34. Rxa3 Bxa3 35. Rf7+ Kc6 36. Rxg7 a5) 32. Nb6+ {[%emt 0:00:00] Weighted Error Value: White=0.27 (precise) /Black=0.54.  Loses game:     	---       	Black=1      Mistake:       	White=4     	Black=4      Inaccurate:     	White=1     	Black=4      OK:         	White=6     	Black=8      Best:        	White=4     	Black=2} 1-0